 Dungeon Crawl Stone Soup version 0.18-b1-14-g029dad2 (webtiles) character file.

48 otab the Shooter (level 3, 0/29 HPs)
             Began as a Centaur Hunter on Apr 30, 2016.
             Slain by a jackal (3 damage)
             ... on level 2 of the Dungeon.
             The game lasted 00:01:14 (1067 turns).

otab the Shooter (Centaur Hunter)                   Turns: 1067, Time: 00:01:14

Health: 0/29       AC:  4    Str: 14    XL:     3   Next: 50%
Magic:  3/3        EV:  9    Int: 10    God:
Gold:   53         SH:  0    Dex: 10    Spells: 0 memorised, 2 levels left

rFire  . . .     SeeInvis .     a - +1 shortbow
rCold  . . .     Gourm    .     c - +0 leather armour
rNeg   . . .     Faith    .     (shield currently unavailable)
rPois  .         Spirit   .     (no helmet)
rElec  .         Dismiss  .     (no cloak)
rCorr  .         Reflect  .     (no gloves)
SustAt .         Harm     .     (no barding)
MR     .....                    (no amulet)
Stlth  +.........               (no ring)
                                (no ring)

@: lethally poisoned (0 -> -5), very quick, not resistant to hostile
enchantments, very unstealthy
A: hooves 3, deformed body, speed 2, tough skin 3
a: no special abilities


You were on level 2 of the Dungeon.
You were not hungry.

You visited 1 branch of the dungeon, and saw 2 of its levels.

You collected 53 gold pieces.

Inventory:

Hand Weapons
 a - a +1 shortbow (weapon)
 b - a +0 short sword
 k - a +0 vampiric short sword
Missiles
 d - 12 arrows (quivered)
Armour
 c - a +0 leather armour (worn)
Jewellery
 l - an uncursed ring of resist corrosion {unknown}
Scrolls
 g - a scroll of immolation {unknown}
 i - a scroll of fear {unknown}
 j - a scroll of enchant weapon {unknown}
 m - a scroll of identify {unknown}
 n - a scroll of noise {unknown}
Potions
 e - a potion of ambrosia {unknown}
 p - 2 potions of degeneration {unknown}
 q - 2 potions of cancellation {unknown}
Comestibles
 f - a bread ration
 h - 3 fruits
 o - a beef jerky


   Skills:
 + Level 2.1 Fighting
 + Level 6.5 Bows
 + Level 0.3 Armour
 + Level 1.6 Dodging
 + Level 0.6 Stealth


You had 2 spell levels left.
You didn't know any spells.

Dungeon Overview and Level Annotations

Branches:
Dungeon (2/15)

Altars:


Innate Abilities, Weirdness & Mutations

You have hooves in place of feet.
Armour fits poorly on your strangely shaped body.
You cover ground very quickly.
You have extremely tough skin (AC +3).


Message History

That item cannot be evoked!
Firing (i - inventory):
d - 14 arrows (quivered)
Press: ? - help, Shift-Dir - straight line, f/p - adder
Aim: an adder (almost dead)
You shoot an arrow. The arrow closely misses the adder.
The jackal bites you but does no damage.
The adder bites you.
* * * LOW HITPOINT WARNING * * *
You are lethally poisoned!
The adder poisons you!
The jackal bites you but does no damage.
Firing (i - inventory):
d - 13 arrows (quivered)
Press: ? - help, Shift-Dir - straight line, f/p - adder
Aim: an adder (almost dead)
You shoot an arrow. The arrow misses the adder.
* * * LOW HITPOINT WARNING * * *
You feel sick. The adder bites you.
* * * LOW HITPOINT WARNING * * *
The jackal bites you.
You die...

... #.##+#' ##
.(#..)...
##<.... ...(....
.. #.....
#......# ..
#..... #.#(...
... #.#..[ .....
.... .......
...#...#
#.#....#
#Sh....#
..#.#... ##@#..#
###.####
#.....### ..#...
#.#.#...# ......
#.#.#...# #....#
#.#.....# .....#
#.......##..#..#
##....#........#
#....#.#†#.#...
#....#.....#
###+


You could see an adder and a jackal.

Vanquished Creatures
  A worm (D:2)
  2 dart slugs
  A giant gecko (D:2)
  A ball python (D:1)
  8 bats
  5 goblins
  4 hobgoblins
  4 jackals (D:1)
  4 kobolds
  A giant newt (D:1)
  7 rats (D:1)
38 creatures vanquished.

Notes
Turn   | Place    | Note
--------------------------------------------------------------
     0 | D:1      | otab the Centaur Hunter began the quest for the Orb.
     0 | D:1      | Reached XP level 1. HP: 17/17 MP: 1/1
   231 | D:1      | Reached XP level 2. HP: 24/24 MP: 2/2
   355 | D:1      | Reached skill level 6 in Bows
   772 | D:1      | Reached XP level 3. HP: 27/29 MP: 3/3
  1067 | D:2      | Slain by a jackal

Skill      XL: |  1  2 |
---------------+-------+-----
Bows           | 6 |  6.5
Fighting       | |  2.1
Armour         | |  0.3
Dodging        | |  1.6
Stealth        | |  0.6

Action                   || total
-------------------------++-------
 Fire: Shortbow          ||   118
Armor: Leather armour    ||    33
Dodge: Dodged            ||    16
